 Dungeon Crawl Stone Soup version 0.20-a0-494-gf50ee04 (webtiles) character file.

401 M4edhros the Sneak (level 6, -6/38 HPs)
             Began as an Octopode Artificer on Jan 17, 2017.
             Mangled by a two-headed ogre
             ... wielding a +0 giant club
              (14 damage)
             ... on level 5 of the Dungeon.
             The game lasted 00:02:37 (2226 turns).

M4edhros the Sneak (Octopode Artificer)             Turns: 2226, Time: 00:02:37

Health: -6/38      AC:  1    Str: 11    XL:     6   Next: 85%
Magic:  8/8        EV: 13    Int: 13    God:    Xom [.*....]
Gold:   149        SH:  0    Dex: 15    Spells: 5/5 levels left

rFire    . . .     SeeInvis .   a - +0 short sword
rCold    . . .     Gourm    .   (no shield)
rNeg     . . .     Faith    .   (helmet restricted)
rPois    .         Spirit   .   (no amulet)
rElec    .         Reflect  .   m - ring of stealth
rCorr    .         Harm     .   (no ring)
MR       .....                  (no ring)
Stlth    +++++.....             (no ring)
Regen    0.2/turn               (no ring)
                                (no ring)
                                (no ring)
                                (no ring)

@: no status effects
A: almost no armour, stealthy swim, amphibious, 8 rings, constrict 8, camouflage
1, gelatinous body 1
a: Renounce Religion


You were on level 5 of the Dungeon.
You worshipped Xom.
You were a plaything of Xom.
You were not hungry.

You visited 1 branch of the dungeon, and saw 5 of its levels.
You also visited: Sewer.

You collected 149 gold pieces.

Inventory:

Hand Weapons
 a - a +0 short sword (weapon)
 l - a +0 hunting sling
Missiles
 g - 16 sling bullets
 h - 145 stones (quivered)
Jewellery
 m - a ring of stealth (left tentacle)
Wands
 b - a wand of flame (8/48)
 c - a wand of enslavement (13/24)
 d - a wand of random effects (15/48)
Scrolls
 e - a scroll of identify
 o - a scroll of remove curse
Potions
 i - 2 potions of heal wounds
 j - 2 potions of flight
 k - a potion of curing
Comestibles
 f - 3 bread rations
 n - a meat ration
 p - a slice of pizza
 q - 3 chunks of flesh


   Skills:
 - Level 1.0 Fighting
 - Level 1.0 Short Blades
 * Level 5.2 Slings
 - Level 2.0 Dodging
 + Level 5.9 Stealth
 - Level 3.2 Evocations


You had 5 spell levels left.
You didn't know any spells.

Dungeon Overview and Level Annotations

Branches:
Dungeon (5/15)
 Temple: D:4-7

Altars:
Hepliaklqana
Kikubaaqudgha
Nemelex Xobeh
Sif Muna
Xom


Innate Abilities, Weirdness & Mutations

You cannot wear most types of armour.
You are very stealthy in the water. (Stealth+)
You are amphibious.
You can wear up to eight rings at the same time.
You can use your tentacles to constrict eight enemies at once.
Your skin changes colour to match your surroundings (Stealth+).
Your rubbery body absorbs attacks. (AC +1, EV +1)


Message History

a jackal corpse x2
Butcher a jackal corpse? [(y)es/(c)hoosy/(n)o/(a)ll/(e)dible/(q)uit/?]
You butcher the jackal corpse. x2
q - 2 chunks of flesh;
q - 3 chunks of flesh (gained 1)
You see here a jackal skeleton.
Found a stone staircase leading down.
There is a stone staircase leading down here.
An orc and a two-headed ogre come into view.
There are monsters nearby!
There are monsters nearby!
The helpless two-headed ogre fails to defend itself.
You puncture the two-headed ogre!
The two-headed ogre is moderately wounded.
The two-headed ogre hits you with a giant club!!
Ouch! That really hurt!
* * * LOW HITPOINT WARNING * * *
Xom is mildly amused.
The two-headed ogre hits you with a giant spiked club!
You die...
Xom titters!

#.###...#
#.# #####
#.# #.#
#.# #.#
#.#
..##.###.#
#...o.O@.#
####.#####


You could see a two-headed ogre and an orc (sleeping).

Vanquished Creatures
  A phantom (D:4)
  A big kobold (Sewer)
  A howler monkey (D:5)
  A crimson imp (D:5)
  Crazy Yiuf (D:4)
  3 worker ants (D:4)
  An adder (D:3)
  2 river rats (Sewer)
  An adder skeleton (D:4)
  A worm (D:2)
  A dart slug (D:1)
  2 leopard geckos (D:4)
  6 bats
  A giant cockroach (D:4)
  A hobgoblin (D:1)
  13 jackals
  2 frilled lizards (D:2)
  3 kobolds
  5 rats
47 creatures vanquished.

Vanquished Creatures (collateral kills)
  An adder (D:2)
  A kobold (D:2)
2 creatures vanquished.

Vanquished Creatures (others)
  A leopard gecko (D:4)
1 creature vanquished.

Grand Total: 50 creatures vanquished

Notes
Turn   | Place    | Note
-------+----------+-------------------------------------------
     0 | D:1      | M4edhros the Octopode Artificer began the quest for the Orb.
     0 | D:1      | Reached XP level 1. HP: 13/13 MP: 3/3
   172 | D:1      | Reached XP level 2. HP: 13/18 MP: 4/4
   240 | D:2      | Found a shimmering altar of Xom.
   293 | D:2      | Became a worshipper of Xom of Chaos
   512 | D:2      | XOM: potion effect (heal wounds)
   522 | D:2      | Reached skill level 1 in Slings
   529 | D:2      | Reached XP level 3. HP: 21/23 MP: 5/5
   567 | D:3      | Found a deep blue altar of Sif Muna.
   592 | D:4      | XOM: divination: magic mapping
   643 | D:4      | Reached XP level 4. HP: 10/28 MP: 6/6
   792 | D:4      | Found a glowing drain.
   804 | D:4      | HP: 1/28 [leopard gecko (5)]
   869 | Sewer    | Entered a sewer
  1182 | Sewer    | Noticed a big kobold
  1195 | Sewer    | Killed a big kobold
  1195 | Sewer    | Reached XP level 5. HP: 27/33 MP: 7/7
  1211 | Sewer    | Found a glowing silver altar of Zin.
  1333 | D:4      | Noticed a phantom
  1342 | D:4      | Killed a phantom
  1342 | D:4      | Reached skill level 5 in Stealth
  1342 | D:4      | Reached XP level 6. HP: 36/38 MP: 8/8
  1410 | D:4      | Found a hazy altar of Hepliaklqana.
  1440 | D:4      | Found a runed door.
  1540 | D:4      | XOM: cloud trail
  1548 | D:4      | Found an ancient bone altar of Kikubaaqudgha.
  1803 | D:4      | Found a sparkling altar of Nemelex Xobeh.
  1947 | D:4      | Noticed Crazy Yiuf
  1956 | D:4      | Killed Crazy Yiuf
  2097 | D:5      | Entered Level 5 of the Dungeon
  2106 | D:5      | Reached skill level 5 in Slings
  2122 | D:5      | XOM: mild Ice miscast
  2224 | D:5      | Noticed a two-headed ogre
  2226 | D:5      | Mangled by a two-headed ogre

Vault maps used:
D:1:      eino_arrival_cavern_d
D:2:      lemuel_doored_altar, lemuel_crystal_altar
D:3:      nicolae_dithmenos_through_a_glass_darkly, lemuel_crystal_altar,
          kennysheep_slug_shrine, chequers_ecumenical_altar_simple, first_bread,
          hangedman_decor_riveting
D:4:      kennysheep_mini_moat, lemuel_coloured_pillars_altar, kennysheep_mini,
          portal_sewer_entry_f, small_statue_intersection, kennysheep_nub,
          kennysheep_generic_room_9, uniq_crazy_yiuf_cottage
D:5:      minmay_misc_feat_diagonals, grunt_gozag_breadcrumbs, uniq_grinder,
          uniq_edmund
Sewer:    sewer_kobolds

Skill      XL: |  1  2  3  4  5  6 |
---------------+-------------------+-----
Stealth        | 3 4 5 |  5.9
Slings         | 1 2 3 4 5 |  5.2
Fighting       | |  1.0
Short Blades   | |  1.0
Dodging        | |  2.0
Evocations     | |  3.2

Action                   |  1- 3 |  4- 6 || total
-------------------------+-------+-------++-------
Melee: Short sword       |    39 |    75 ||   114
       Constrict         |    12 |    18 ||    30
       Tentacles         |     7 |    21 ||    28
Evoke: Wand              |     1 |     8 ||     9
  Use: Scroll            |     3 |     2 ||     5
 Stab: Sleeping          |     8 |     7 ||    15
  Eat: Chunk             |       |     4 ||     4
Armor: Skin              |     7 |     2 ||     9
Dodge: Dodged            |    40 |    48 ||    88
